 Dungeon Crawl Stone Soup version 0.31.0-32-g396128a36d (webtiles) character file.

Game seed: 15575041619802923602

2383339 RepoMan the Sabretooth (level 27, 244/244 HPs)
             Began as a Felid Cinder Acolyte on Mar 17, 2024.
             Was the Champion of Wu Jian.
             Escaped with the Orb
             ... and 4 runes on Mar 20, 2024!
             The game lasted 06:23:00 (68219 turns).

RepoMan the Sabretooth (Felid Cinder Acolyte)      Turns: 68219, Time: 06:23:00

Health: 244/244    AC: 20    Str: 22    XL:     27
Magic:  30/30      EV: 26    Int: 25    God:    Wu Jian [******]
Gold:   7263       SH:  5    Dex: 22    Spells: 7/34 levels left
                                        Lives:  2   Deaths: 1

rFire   + +          .
                       - Unarmed
rCold   . . .        (shield unavailable)
rNeg    + . .        (body armour unavailable)
rPois   +            (helmet unavailable)
rElec   .            (cloak unavailable)
rCorr   .            (gloves unavailable)
SInv    +            (boots unavailable)
Will    ++++.        f - amulet of reflection
Stlth   +++          v - ring "Jatext" {^Drain rN+ AC+4 Int+3 Slay+2}
HPRegen 0.60/turn    D - ring "Opnicwach" {Fly rC+ Str+2}
MPRegen 0.22/turn

%: reflection
@: mighty, dragon-form, flying, hasted, studying Translocations, very quick
A: dragon claw, dragon scales, breathe fire, flying, boosted hp, giant, (claws
1), (fangs 3), see invisible, (shaggy fur 3), (stealthy paws), no weapons or
thrown items, no armour, multi-lived, evolution 1
0: Orb of Zot
}: 4/15 runes: decaying, slimy, silver, gossamer
a: Breathe Fire, Begin Untransformation, Renounce Religion, Wall Jump, Serpent's
Lash, Heavenly Storm


You escaped.
You worshipped Wu Jian.
Wu Jian was exalted by your worship.
You were a fearsome dragon!
You visited 12 branches of the dungeon, and saw 56 of its levels.
You visited 1 ziggurat, and saw 7 of its levels.
You also visited: Gauntlet, Volcano and Wizlab.

You collected 8884 gold pieces.
You spent 1621 gold pieces at shops.

Inventory:

Jewellery
 f - an amulet of reflection (around neck)
 v - the ring "Jatext" (left foreclaw) {^Drain rN+ AC+4 Int+3 Slay+2}
   (You found it on level 1 of the Lair of Beasts)

   [ring of protection]

   AC+4:      It affects your AC (+4).
   Int+3:     It affects your intelligence (+3).
   Slay+2:    It affects your accuracy & damage with ranged weapons and melee
   (+2).
   rN+:       It protects you from negative energy.
   ^Drain:    It drains your maximum health when unequipped.
 B - a ring of protection from fire
 D - the ring "Opnicwach" (right foreclaw) {Fly rC+ Str+2}
   (You found it in a Gauntlet)

   [ring of flight]

   Str+2:     It affects your strength (+2).
   rC+:       It protects you from cold.
   Fly:       It grants you flight.
 N - the ring of the Hare {EV+10}
   (You took it off a yaktaur on level 5 of the Vaults)

   [ring of evasion]

   EV+10:     It affects your evasion (+10).
 R - a ring of resist corrosion
 V - the ring of Sissu {+Blink rN+}
   (You found it on level 3 of the Crypt)

   [ring of positive energy]

   rN+:       It protects you from negative energy.
   +Blink:    It lets you blink.
 X - the ring of Qecoesip {rPois AC+4 Int+4}
   (You took it off a yaktaur captain on level 5 of the Vaults)

   [ring of protection]

   AC+4:      It affects your AC (+4).
   Int+4:     It affects your intelligence (+4).
   rPois:     It protects you from poison
Talismans
 u - the serpent talisman "Ezuaxtig" {rN+ Str+2}
   (You found it on level 2 of the Vaults)

   [serpent talisman]

   Str+2:     It affects your strength (+2).
   rN+:       It protects you from negative energy.
 y - a talisman of death
 G - a granite talisman
 Z - a dragon-blood talisman (active)
Wands
 j - a wand of mindburst (33)
 o - a wand of digging (6)
 t - a wand of paralysis (58)
 C - a wand of iceblast (49)
 H - a wand of flame (85)
 L - a wand of acid (18)
 P - a wand of polymorph (10)
Scrolls
 b - 6 scrolls of noise
 d - 32 scrolls of teleportation
 g - 11 scrolls of fear (quivered)
 k - 6 scrolls of fog
 n - 4 scrolls of revelation
 q - 3 scrolls of torment
 r - 8 scrolls of vulnerability
 s - 9 scrolls of amnesia
 J - 2 scrolls of silence
 M - 6 scrolls of immolation
 O - 5 scrolls of poison
Potions
 a - 6 potions of magic
 c - a potion of haste
 e - 3 potions of cancellation
 i - 4 potions of berserk rage
 l - 8 potions of lignification
 m - 17 potions of curing
 p - 12 potions of brilliance
 x - 10 potions of attraction
 z - 15 potions of ambrosia
 A - 6 potions of mutation
 E - 5 potions of enlightenment
 F - a potion of heal wounds
 K - 2 potions of invisibility
 Y - a potion of experience


   Skills:
 * Level 22.8 Fighting
 - Level 25.5 Dodging
 - Level 21.1 Stealth
 O Level 27 Unarmed Combat
 - Level 4.4 Spellcasting
 - Level 17.7 Hexes
 - Level 11.1 Translocations
 - Level 4.4 Fire Magic
 - Level 4.4 Air Magic
 - Level 6.6 Evocations
 - Level 23.3 Shapeshifting


You had 7 spell levels left.
You knew the following spells:

 Your Spells              Type           Power      Damage    Failure   Level
c - Cigotuvi's Dreadful   Necr/Alch/Air  24%        N/A       8%          2
e - Enfeeble              Hex            38%        N/A       5%          7
g - Apportation           Tloc           100%       N/A       1%          1
l - Lesser Beckoning      Tloc           100%       N/A       1%          2
p - Passage of Golubria   Tloc           57%        N/A       1%          4
r - Scorch                Fire           54%        2d7       2%          2
v - Vhi's Electric Charg  Tloc/Air       88%        N/A       3%          4
S - Silence               Hex/Air        28%        N/A       2%          5

Your spell library contained the following spells:

 Spells                   Type           Power      Damage    Failure   Level
 Slow                     Hex            100%       N/A       0%          1
 Jinxbite                 Hex            100%       N/A       0%          2
 Ensorcelled Hibernation  Hex/Ice        98%        N/A       1%          2
 Confusing Touch          Hex            76%        N/A       1%          3
 Dazzling Flash           Conj/Hex       98%        N/A       1%          3
 Gell's Gravitas          Tloc           57%        N/A       1%          3
 Inner Flame              Hex/Fire       57%        N/A       1%          3
 Sigil of Binding         Hex            76%        N/A       1%          3
 Teleport Other           Tloc           57%        N/A       1%          3
 Tukima's Dance           Hex            76%        N/A       1%          3
 Volatile Blastmotes      Fire/Tloc      88%        2d17      1%          3
 Cause Fear               Hex            38%        N/A       1%          4
 Anguish                  Hex/Necr       24%        N/A       2%          4
 Shock                    Conj/Air       64%        1d7       3%          1
 Swiftness                Air            27%        N/A       4%          3
 Mercury Vapours          Alch/Air       32%        N/A       5%          2
 Static Discharge         Conj/Air       32%        3-5/arc   5%          2
 Metabolic Englaciation   Hex/Ice        24%        N/A       6%          5
 Summon Mana Viper        Hex/Summ       49%        N/A       6%          5
 Kiss of Death            Conj/Necr      20%        2d7       9%          1
 Necrotise                Necr           20%        1d5       9%          1
 Sandblast                Erth           10%        2d5       9%          1
 Sting                    Conj/Alch      20%        1d4       9%          1
 Summon Small Mammal      Summ           20%        N/A       9%          1
 Iskenderun's Mystic Bla  Conj/Tloc      33%        2d8       9%          4
 Sublimation of Blood     Necr           5%         N/A       13%         2
 Mephitic Cloud           Conj/Alch/Air  12%        N/A       14%         3
 Airstrike                Air            13%        2d(2-18)  14%         4
 Call Canine Familiar     Summ           5%         N/A       26%         3
 Frozen Ramparts          Ice            10%        1d2       26%         3
 Fugue of the Fallen      Necr           5%         N/A       26%         3
 Hailstorm                Conj/Ice       5%         3d5       26%         3
 Passwall                 Erth           5%         N/A       26%         3
 Stone Arrow              Conj/Erth      10%        3d7       26%         3
 Summon Ice Beast         Ice/Summ       5%         N/A       26%         3
 Vampiric Draining        Necr           5%         2d6       26%         3
 Summon Forest            Summ/Tloc      16%        N/A       26%         5
 Flame Wave               Conj/Fire      16%        2d7       34%         4
 Ignite Poison            Fire/Alch      16%        N/A       34%         4
 Sticky Flame             Fire/Alch      16%        2d5       34%         4
 Summon Blazeheart Golem  Fire/Summ      16%        N/A       34%         4
 Summon Lightning Spire   Summ/Air       16%        N/A       34%         4
 Animate Dead             Necr           5%         N/A       65%         4
 Brom's Barrelling Bould  Conj/Erth      5%         2d3       65%         4
 Dispel Undead            Necr           5%         3d7       65%         4
 Fulminant Prism          Conj/Alch      2%         3d5       65%         4
 Leda's Liquefaction      Alch/Erth      2%         N/A       65%         4
 Martyr's Knell           Necr/Summ      5%         N/A       65%         4
 Olgreb's Toxic Radiance  Alch           5%         N/A       65%         4
 Petrify                  Alch/Erth      5%         N/A       65%         4
 Arcjolt                  Conj/Air       8%         1d18      69%         5
 Fireball                 Conj/Fire      8%         3d6       69%         5
 Freezing Cloud           Conj/Ice/Air   6%         6-21      80%         5
 Alistair's Intoxication  Alch           3%         N/A       94%         5
 Curse of Agony           Necr           5%         N/A       94%         5
 Irradiate                Conj/Alch      2%         3d12      94%         5
 Lee's Rapid Deconstruct  Erth           2%         3d5*      94%         5
 Conjure Ball Lightning   Conj/Air       8%         3x3d6     99%         6
 Starburst                Conj/Fire      8%         6d4       99%         6
 Eringya's Noxious Bog    Alch           2%         4d6       100%        6
 Sculpt Simulacrum        Ice/Alch       2%         N/A       100%        6
 Summon Cactus Giant      Summ           2%         N/A       100%        6
 Haunt                    Necr/Summ      2%         N/A       100%        7
 Monstrous Menagerie      Summ           2%         N/A       100%        7
 Orb of Destruction       Conj           2%         9d5       100%        7
 Ozocubu's Refrigeration  Ice            2%         4d8       100%        7
 Spellforged Servitor     Conj/Summ      2%         N/A       100%        7
 Summon Hydra             Summ           2%         N/A       100%        7
 Discord                  Hex            38%        N/A       38%         8
 Disjunction              Tloc           28%        N/A       99%         8
 Borgnjor's Revivificati  Necr           2%         N/A       100%        8
 Infestation              Necr           2%         N/A       100%        8
 Lehudib's Crystal Spear  Conj/Erth      2%         10d2      100%        8
 Maxwell's Capacitive Co  Air            13%        ∞         100%        8
 Death's Door             Necr           2%         N/A       100%        9
 Polar Vortex             Ice            2%         N/A       100%        9
 Shatter                  Erth           2%         3d6*      100%        9
 Dimensional Bullseye     Hex/Tloc       Unusable   N/A       N/A         4
 Animate Armour           Summ/Erth      Unusable   N/A       N/A         4

Dungeon Overview and Level Annotations

Branches:
Dungeon (15/15)            Temple (1/1) D:7            Lair (5/5) D:10
  Swamp (4/4) Lair:2       Spider (4/4) Lair:3        Slime (5/5) Lair:5
    Orc (2/2) D:10            Elf (3/3) Orc:2        Vaults (5/5) D:13
  Crypt (3/3) Vaults:3       Tomb (0/3) Crypt:3      Depths (4/4) D:15
    Zot (5/5) Depths:4    Volcano (visited)          WizLab (visited)
Gauntlet (visited)

Altars:
Ashenzari
Cheibriados
Dithmenos
Elyvilon
Fedhas
Gozag
Hepliaklqana
Kikubaaqudgha
Makhleb
Nemelex Xobeh
Okawaru
Qazlal
Ru
Sif Muna
Trog
Uskayaw
Vehumet
Wu Jian
Xom
Yredelemnul
Zin
The Shining One
Jiyva

Shops:
D:2 *   D:8 [![[(   D:9 *   Orc:2 *:[[**   Elf:1 (   Elf:2 :   Vaults:1 [
Vaults:2 (   Vaults:3 [   Vaults:4 [   Depths:1 :

Portals:
Hell: Depths:1 Depths:2 Depths:3 Depths:4
Abyss: Depths:1 Depths:3
Pandemonium: Depths:2

Annotations:
D:2 1 runed translucent door, Crazy Yiuf
D:12 1 runed translucent door
Lair:1 1 runed translucent door, Qeunugg's ghost, journeyman TeAE
Spider:1 2 transporters, exclusion: orange crystal statue
Spider:4 1 runed translucent door, nitefall's ghost, adept MiBe
Orc:2 3 runed translucent doors, sono's ghost, journeyman GrFi
Elf:2 6 runed translucent doors, Naedelly's ghost, journeyman TrSh; kalagan's ghost, adept DECj; tykejmi's ghost, adept MiFi
Crypt:1 5 transporters
Crypt:3 exclusion: 2 doors


Innate Abilities, Weirdness & Mutations

You are a fearsome dragon!
You have a powerful clawing attack.
Your giant scaled body is strong and resilient, but less evasive.
You can breathe fire.
You are flying.
Your maximum health is greatly increased.
((You have sharp claws.))
((You have razor-sharp teeth.))
You have supernaturally acute eyesight. (SInv)
((Your thick and shaggy fur keeps you warm. (AC +3, rC+)))
((Your paws help you pounce on unaware monsters.))
You are incapable of wielding weapons or throwing items.
You cannot wear armour.
You gain extra lives every three experience levels.
You have hidden genetic potential.


Message History

a +0 leather armour; a +0 whip You see here a +0 giant spiked club.
There is a stone staircase leading up, spattered with blood here.
You fly upwards.
There is a stone staircase leading down, spattered with blood here.
What level of the Dungeon? (default 1, ? - help)
Things that are here:
a +0 robe; a +0 flail
There is an open door here.
There is an open door here.
There is a stone staircase leading up here.
You fly upwards.
There is a stone staircase leading down here.
A hellephant comes into view.
The hellephant moves out of view.
There is a stone staircase leading up here.
You fly upwards.
There is a stone staircase leading down here.
There is a stone staircase leading up here.
You fly upwards.
There is a stone staircase leading down here.
There is a stone staircase leading up here.
You fly upwards.
Level annotation: 1 runed translucent door, Crazy Yiuf
There is a stone staircase leading down here.
A bat comes into view.
The bat moves out of view.
There is a stone staircase leading up here.
You fly upwards.
There is a stone staircase leading down here.
You feel yourself speed up.
Okay, then.
You see here a +0 leather armour.
Blink to where?
Press: ? - help, Dir - move target
As you read the scroll of blinking, it crumbles to dust.
As you read the scroll of summoning, it crumbles to dust.
Wisps of shadow whirl around you...
You feel very mighty all of a sudden.
You have escaped!

#.......#####..######♣♣♣♣♣♣♣♣.###
#.......##....###......♣ ###
#.......##........####.#
#.......##.............#
#.......##....#####....#######
##..#..###....#...#..........####
#....## #..###.⌠.###.######.....
#.##.####..#...b...#.######....#
#.##...##..'.⌠.Drb.'........#.##
#....#.##..#.w.....#..#######.#.
#.###[.....###.⌠.###...### #...
##).....###...#...#...#..)## ##..
?..##.........#####...###..####..
~>.....#..............####.......
~~P....###.......................
P~~~P..# ########....#####..###..
♣P~P...# ###.........# #.#


You could see a friendly dart slug (summoned), 2 friendly bats and a friendly
rat (summoned).

Vanquished Creatures
  the Royal Jelly (Slime:5)
  4 dread liches
  2 pandemonium lords
  4 ancient liches
  3 orbs of fire (Zot:5)
  2 juggernauts (Depths:3)
  A shard shrike (Zig:5)
  6 Killer Klowns
  Saint Roka (Depths:1)
  2 curse toes (Zot:5)
  A caustic shrike (Depths:3)
  8 golden dragons
  Margery (Depths:3)
  3 bone dragons
  Jory (Vaults:4)
  Nikola (Swamp:1)
  A Brimstone Fiend (Depths:2)
  Norris (Elf:1)
  2 electric golems (Zot:5)
  3 doom hounds (Zot:1)
  Jorgrun (Orc:1)
  A Cloud Mage (WizLab)
  18 tentacled monstrosities
  Grunn (Zot:1)
  Mlioglotl (Spider:2)
  27 Orb Guardians
  6 liches
  6 quicksilver dragons
  Zenata (Elf:2)
  9 titans
  4 sphinxes
  2 deep elf master archers (Elf:3)
  An Executioner (Depths:4)
  4 deep elf blademasters (Elf:3)
  18 acid blobs
  An ancient champion (Crypt:2)
  3 tentacled starspawn (Zot:1)
  6 death cobs
  A searing wretch (Depths:3)
  4 thorn hunters (Swamp:4)
  Kirke (Elf:1)
  A revenant (Zot:1)
  11 tengu reavers
  Donald (Crypt:2)
  6 shadow dragons
  9 protean progenitors
  14 storm dragons
  3 rockslimes
  4 draconian monks
  17 fire giants
  5 fenstrider witches
  10 azure jellies
  10 frost giants
  4 draconian scorchers
  5 draconian knights
  2 draconian shifters (Zot:5)
  3 emperor scorpions (Spider:4)
  Louise (Elf:2)
  10 deep elf sorcerers
  19 vault wardens
  5 caustic shrike zombies
  5 ghost moths
  An iron dragon (Depths:3)
  3 draconian stormcallers
  A curse skull (Crypt:1)
  3 spectral caustic shrikes (Depths:1)
  6 ghouls
  A caustic shrike skeleton (Depths:2)
  A juggernaut zombie (Crypt:3)
  5 deep elf elementalists
  6 orc warlords
  A spriggan defender (Depths:4)
  19 quicksilver oozes
  A reaper (Zig:3)
  4 draconian annihilators
  21 very ugly things
  3 broodmothers
  A cacodemon (D:11)
  19 ironbound preservers
  28 stone giants
  10 green draconians
  8 ironbound thunderhulks
  5 vampire knights
  2 elemental wellsprings (Depths:3)
  7 deep elf demonologists
  12 black draconians
  3 eleionomae
  14 deep elf death magi
  3 bunyips
  9 formless jellyfish
  A minotaur (Gauntlet)
  8 dire elephants
  8 deep elf annihilators
  10 purple draconians
  10 red draconians
  4 lorocyprocas (Zot:1)
  6 war gargoyles
  11 yellow draconians
  2 eidola (Crypt:2)
  12 white draconians
  17 spark wasps
  13 ettins
  2 shambling mangroves (Swamp:4)
  5 blizzard demons (WizLab)
  5 crystal guardians
  7 entropy weavers
  9 jiangshi
  22 great orbs of eyes
  7 deep elf high priests
  9 fire dragons
  An entropy weaver (shapeshifter) (D:13)
  A merfolk impaler (Depths:3)
  14 yaktaur captains
  3 ice dragons
  A caustic shrike simulacrum (Zig:5)
  A hell beast (Depths:4)
  27 vault guards
  Harold (Lair:1)
  A peacekeeper (Vaults:2)
  10 alligators
  5 centaur warriors
  13 spriggan air magi
  2 rakshasas
  3 jorogumos (Spider:3)
  3 spriggan skeletons (Crypt:3)
  14 hydras
  3 ironbound frosthearts
  4 ogre magi
  A catoblepas (D:13)
  7 ghost crabs
  3 radroaches
  A juggernaut simulacrum (Zig:5)
  11 boulder beetles
  33 dancing weapons
  2 death knights
  5 deep troll earth magi
  A fenstrider witch skeleton (Crypt:3)
  20 two-headed ogres
  2 satyrs (Zot:3)
  5 deep troll shamans
  7 tengu warriors
  8 vampire magi
  3 orc high priests
  6 demonic crawlers
  3 hell hogs (Depths:4)
  6 occultists
  11 deep elf knights
  A shock serpent (shapeshifter) (Vaults:5)
  4 shock serpents (WizLab)
  4 spriggan berserkers
  11 hell knights
  8 iron trolls
  2 titan skeletons (Depths:2)
  25 skeletal warriors
  4 pharaoh ants
  8 skysharks
  A storm dragon skeleton (Crypt:3)
  A shadow wraith (Crypt:2)
  63 deep trolls
  4 spectral hydras (Swamp:4)
  5 swamp dragons
  4 flayed ghosts
  8 deep elf archers
  5 steelbarb worms
  5 spriggan druids
  4 death drakes
  9 orb spiders
  A sea snake (shapeshifter) (Depths:2)
  7 goliath frogs
  An orb spider (shapeshifter) (Vaults:4)
  7 bog bodies
  An orange crystal statue (Depths:3)
  8 glowing orange brains
  A bunyip skeleton (Crypt:3)
  8 harpies (Vaults:4)
  12 ironbound convokers
  24 deep elf pyromancers
  17 orc knights
  9 necromancers
  Pikel (D:4)
  7 phantasmal warriors
  8 arcanists
  14 orc sorcerers
  A shining eye (shapeshifter) (Vaults:5)
  8 lindwurms
  2 frost giant zombies
  A glowing shapeshifter (Zot:1)
  A shadow dragon skeleton (Depths:2)
  3 oklob plants (Swamp:4)
  26 ugly things
  25 deep elf zephyrmancers
  3 shining eyes
  19 wolf spiders
  5 cyclopes
  6 will-o-the-wisps
  Maurice (Orc:1)
  2 meliai (shapeshifter)
  5 toenail golems (Volcano)
  6 elephants (Lair:4)
  4 eyes of devastation
  A guardian serpent (Zot:1)
  34 moths of wrath
  4 apocalypse crabs (WizLab)
  A black mamba (Lair:3)
  A fire giant skeleton (Depths:2)
  A manticore (D:14)
  28 vault sentinels
  4 torpor snails
  2 large abominations (Depths:4)
  3 orange demons (D:11)
  2 gargoyles
  2 kobold demonologists (D:10)
  A centaur skeleton (Crypt:3)
  12 cane toads
  A cane toad (shapeshifter) (D:15)
  A minotaur zombie (Gauntlet)
  A red draconian zombie (Crypt:2)
  3 rime drakes
  An unseen horror (D:13)
  6 efreet
  A hellion (Depths:2)
  28 yaktaurs
  A freezing wraith (Crypt:2)
  8 komodo dragons
  An ice devil (Zig:5)
  4 tengu conjurers
  2 hydra zombies (Swamp:4)
  16 trolls
  A queen bee (Orc:1)
  5 bloated husks
  23 tarantellas
  6 polar bears
  25 hornets
  A moth of wrath zombie (Crypt:1)
  2 hydra skeletons (Swamp:4)
  10 tyrant leeches
  A radroach zombie (Crypt:2)
  4 wind drakes (WizLab)
  A glass eye (shapeshifter) (Zig:7)
  A death drake skeleton (Crypt:2)
  2 harpy skeletons (Crypt:3)
  3 glass eyes
  A sun moth zombie (Crypt:2)
  5 saltlings (Orc:2)
  Prince Ribbit (D:6)
  Grinder (D:3)
  10 blink frogs (Lair:4)
  A snapping turtle (shapeshifter) (Zig:7)
  6 dream sheep
  A fire dragon zombie (Crypt:3)
  Sigmund (D:4)
  A frost giant simulacrum (Depths:2)
  21 jumping spiders
  14 air elementals
  117 slime creatures
  4 shadows
  A centaur simulacrum (D:15)
  28 spriggans
  29 fire elementals
  14 culicivoras
  10 wyverns
  5 water elementals
  2 hogs (Elf:1)
  3 wraiths
  5 wargs
  5 humans (Volcano)
  3 basilisks
  60 redbacks
  A yak (shapeshifter) (Elf:1)
  Eustachio (D:4)
  64 yaks
  3 fire bats (Orc:1)
  A black mamba skeleton (Crypt:3)
  A redback (shapeshifter) (Vaults:5)
  11 golden eyes
  16 vampire mosquitoes
  A chaos spawn (Zig:7)
  A swamp worm (shapeshifter) (Vaults:5)
  A glowing shapeshifter zombie (Depths:2)
  21 swamp worms
  2 hydra simulacra (Swamp:4)
  12 water moccasins
  3 hell hounds (D:13)
  A water nymph skeleton (Crypt:1)
  A merfolk skeleton (Crypt:2)
  3 swamp drakes (Swamp:4)
  An ice beast (D:7)
  16 orc warriors
  4 black bears
  2 swamp dragon zombies (Swamp:4)
  34 laughing skulls
  6 ogres
  25 wolves
  A lindwurm skeleton (Crypt:1)
  10 boggarts
  4 centaurs
  A lemure (D:4)
  3 phantoms (D:5)
  A kobold brigand (D:8)
  A bullfrog (shapeshifter) (Elf:2)
  2 necrophages (Crypt:3)
  14 bullfrogs
  A gnoll sergeant (D:8)
  3 scorpions
  6 earth elementals
  A salamander skeleton (Crypt:2)
  10 wights
  23 killer bees
  A shapeshifter skeleton (Crypt:1)
  A howler monkey (D:12)
  An electric eel (Spider:4)
  2 gnoll boudas (D:7)
  4 hounds
  A jelly (D:8)
  11 orc priests
  Natasha (twice) (D:2)
  3 iguanas
  17 orc wizards
  3 sleepcaps
  10 hell rats (Lair:2)
  2 tengu zombies
  A deep dwarf skeleton (Crypt:2)
  11 gnolls
  3 swamp drake zombies (Swamp:4)
  7 adders
  A shadow imp (D:5)
  2 ufetubi (D:6)
  2 jelly zombies
  4 dart slugs
  2 ribbon worms
  41 orcs
  7 ball pythons
  4 endoplasms
  A giant cockroach (D:2)
  3 goblins
  3 hobgoblins
  21 kobolds
  3 quokkas
  2 frilled lizards
  A goblin skeleton (Crypt:1)
  An orc skeleton (Crypt:1)
  A quokka zombie (Crypt:2)
  9 rats
  9 aspiring fleshes
  2 butterflies (Zot:1)
2452 creatures vanquished.

Vanquished Creatures (collateral kills)
  A frost giant (Zot:3)
  A stone giant (Zot:3)
  A two-headed ogre (Zot:3)
  Sonja (Orc:1)
  An iron troll (Zot:3)
  An orc sorcerer (Orc:1)
  2 killer bees (Orc:1)
  A foxfire (Lair:2)
9 creatures vanquished.

Vanquished Creatures (others)
  A formless jellyfish (Slime:2)
  An alligator (Swamp:4)
  A deep elf knight (Elf:3)
  A deep elf zephyrmancer (Elf:1)
  A human (Elf:1)
  An ogre (Zot:3)
  A killer bee (Orc:1)
  93 foxfires
  4 starspawn tentacles (Zot:1)
104 creatures vanquished.

Grand Total: 2565 creatures vanquished

Notes
Turn   | Place    | Note
-------+----------+-------------------------------------------
     0 | D:1      | RepoMan the Felid Cinder Acolyte began the quest for the
                  | Orb.
     0 | D:1      | Reached XP level 1. HP: 12/12 MP: 3/3
    62 | D:1      | Reached skill level 1 in Stealth
   113 | D:1      | Reached XP level 2. HP: 16/16 MP: 4/4
   139 | D:1      | Learned a level 2 spell: Scorch
  1131 | D:2      | Found a faded altar of an unknown god.
  1279 | D:2      | Reached XP level 3. HP: 20/20 MP: 5/5
  1667 | D:2      | Noticed Natasha
  1695 | D:2      | Killed Natasha
  1696 | D:2      | Reached skill level 4 in Unarmed Combat
  1696 | D:2      | Reached XP level 4. HP: 12/24 MP: 6/6
  1696 | D:2      | Gained a life (2 lives remaining)
  1787 | D:2      | Found Vutro's Assorted Antiques.
  1792 | D:2      | Bought a short brass wand for 72 gold pieces
  1792 | D:2      | Bought a scroll labelled KUYWNA MAZUM for 18 gold pieces
  1792 | D:2      | Bought a red potion for 16 gold pieces
  1917 | D:2      | Bought a scroll labelled QIOPPU QIOVUOK for 18 gold pieces
  1996 | D:2      | Found a runed translucent door.
  1997 | D:2      | Noticed Crazy Yiuf
  2090 | D:2      | Noticed Natasha
  2094 | D:2      | Killed Natasha
  2500 | D:3      | Noticed Grinder
  2670 | D:3      | Killed Grinder
  2671 | D:3      | Reached skill level 5 in Unarmed Combat
  2671 | D:3      | Reached XP level 5. HP: 28/28 MP: 4/7
  2671 | D:3      | Gained mutation: You are covered in thick fur. (AC +2)
                  | [Felid growth]
  2671 | D:3      | Reached XP level 6. HP: 32/32 MP: 4/8
  3046 | D:2      | Bought a scroll labelled QOTOAM FIASTAI for 18 gold pieces
  3046 | D:2      | Bought a scroll labelled TEWKIM RYWAG for 18 gold pieces
  3092 | D:4      | Noticed Eustachio
  3097 | D:4      | Killed Eustachio
  3098 | D:4      | Reached skill level 6 in Unarmed Combat
  3098 | D:4      | Reached skill level 1 in Evocations
  3174 | D:4      | Noticed Sigmund
  3175 | D:4      | Killed Sigmund
  3176 | D:4      | Reached skill level 1 in Dodging
  3176 | D:4      | Reached XP level 7. HP: 33/37 MP: 9/9
  3390 | D:4      | Found an iron altar of Okawaru.
  3426 | D:4      | Found a basalt altar of Yredelemnul.
  3756 | D:4      | Noticed Pikel
  3897 | D:5      | Entered Level 5 of the Dungeon
  3930 | D:5      | Reached skill level 7 in Unarmed Combat
  4433 | D:5      | Found an opulent altar of Gozag.
  4487 | D:5      | Noticed a yak
  4507 | D:5      | Killed a yak
  4508 | D:5      | Reached XP level 8. HP: 32/42 MP: 2/10
  4527 | D:5      | Reached skill level 8 in Unarmed Combat
  4672 | D:5      | Reached skill level 5 in Fighting
  4847 | D:5      | Reached skill level 5 in Dodging
  5121 | D:6      | Reached skill level 9 in Unarmed Combat
  5409 | D:6      | Noticed Prince Ribbit
  5410 | D:6      | Found a stormy altar of Qazlal.
  5414 | D:6      | Killed Prince Ribbit
  5415 | D:6      | Reached XP level 9. HP: 47/47 MP: 2/11
  6435 | D:7      | Reached skill level 10 in Unarmed Combat
  7190 | D:7      | Found a staircase to the Ecumenical Temple.
  7199 | Temple   | Entered the Ecumenical Temple
  7554 | D:8      | Found Qynot's Armour Emporium.
  7595 | D:8      | Found Gucap's Antique Weapon Emporium.
  8007 | D:8      | Reached XP level 10. HP: 53/53 MP: 3/12
  8087 | D:8      | Found Qeduitae's Antique Armour Boutique.
  8244 | D:8      | Found Isenud's Armour Shop.
  8281 | D:8      | Found Tatenn's Distillery.
  8289 | D:8      | Bought 2 potions of curing for 60 gold pieces
  8289 | D:8      | Bought a potion of might for 40 gold pieces
  8289 | D:8      | Bought a potion of attraction for 30 gold pieces
  8289 | D:8      | Bought a potion of ambrosia for 80 gold pieces
  8354 | D:8      | Reached skill level 11 in Unarmed Combat
  8913 | D:8      | Found an ornate altar of the Wu Jian Council.
  9185 | D:9      | Identified the +0 robe of Iguydaf {Harm rF+ Will+ Stlth-}
  9195 | D:9      | Found Runaresy's General Store.
  9196 | D:9      | Identified the +1 robe "Leof" {Str+3}
  9232 | D:9      | Bought a potion of heal wounds for 65 gold pieces
  9232 | D:9      | Bought a potion of might for 52 gold pieces
  9318 | D:9      | Noticed a cyclops
  9326 | D:9      | Killed a cyclops
  9873 | D:10     | Entered Level 10 of the Dungeon
 10034 | D:10     | Found a glowing silver altar of Zin.
 10185 | D:10     | Found a staircase to the Lair.
 10192 | D:10     | Reached skill level 12 in Unarmed Combat
 10635 | D:10     | Found a staircase to the Orcish Mines.
 10857 | D:10     | Reached XP level 11. HP: 60/60 MP: 7/13
 10952 | D:10     | Found a broken altar of Ashenzari.
 11613 | D:9      | Reached skill level 10 in Dodging
 12287 | D:11     | Noticed a two-headed ogre
 12297 | D:11     | Killed a two-headed ogre
 12298 | D:11     | Reached skill level 13 in Unarmed Combat
 12309 | D:11     | Noticed a two-headed ogre
 12314 | D:11     | Killed a two-headed ogre
 12390 | D:11     | Noticed a brown ugly thing
 12439 | Lair:1   | Entered Level 1 of the Lair of Beasts
 12796 | Lair:1   | Found a runed translucent door.
 12799 | Lair:1   | Noticed Qeunugg's ghost (journeyman TeAE)
 12841 | Lair:1   | Identified the ring "Jatext" {^Drain rN+ AC+4 Int+3 Slay+2}
 13116 | Lair:1   | Reached skill level 1 in Shapeshifting
 13369 | Lair:1   | Noticed Harold
 13408 | Lair:1   | Found a hide-covered altar of Uskayaw.
 13409 | Lair:1   | Noticed a boulder beetle
 13421 | Lair:1   | Killed a boulder beetle
 13469 | Lair:1   | Found an ornate altar of the Wu Jian Council.
 13720 | Lair:1   | Learned a level 2 spell: Cigotuvi's Dreadful Rot
 14130 | Lair:2   | Gained mutation: Your thick and shaggy fur keeps you warm.
                  | (AC +3, rC+) [Felid growth]
 14130 | Lair:2   | Reached XP level 12. HP: 53/67 MP: 9/14
 14253 | Lair:2   | Noticed a four-headed hydra
 14259 | Lair:2   | Killed a four-headed hydra
 14293 | Lair:2   | Reached skill level 5 in Shapeshifting
 14309 | Lair:2   | Found a staircase to the Swamp.
 14309 | Lair:2   | Noticed an eleionoma
 15461 | Lair:2   | Killed an eleionoma
 16277 | Lair:3   | Found a hole to the Spider Nest.
 16355 | Lair:3   | Slain by a skyshark
 16355 | Lair:3   | Lost a life (1 life remaining)
 16605 | Lair:3   | Noticed a boulder beetle
 16620 | Lair:3   | Killed a boulder beetle
 17520 | Lair:4   | Identified the +7 chain mail of the Dropbear {+Inv}
 17791 | Lair:4   | Reached skill level 10 in Shapeshifting
 17796 | Lair:4   | Reached XP level 13. HP: 72/72 MP: 15/15
 17796 | Lair:4   | Gained a life (2 lives remaining)
 17965 | Lair:4   | Reached skill level 10 in Fighting
 19107 | Lair:5   | Entered Level 5 of the Lair of Beasts
 19107 | Lair:5   | Found a gate leading to a gauntlet.
 19115 | Gauntlet | Entered a Gauntlet
 19115 | Gauntlet | Found a transporter.
 19115 | Gauntlet | Found a transporter.
 19120 | Gauntlet | Found a transporter.
 19135 | Gauntlet | Found a transporter.
 19137 | Gauntlet | Found a large runed translucent door.
 19137 | Gauntlet | Found a large runed translucent door.
 19138 | Gauntlet | Found a large runed translucent door.
 19138 | Gauntlet | Found a large runed translucent door.
 19139 | Gauntlet | Found a large runed translucent door.
 19139 | Gauntlet | Found a large runed translucent door.
 19139 | Gauntlet | Found a runed translucent door.
 19139 | Gauntlet | Found a runed translucent door.
 19139 | Gauntlet | Found a large runed translucent door.
 19139 | Gauntlet | Noticed a blizzard demon
 19140 | Gauntlet | Found a large runed translucent door.
 19140 | Gauntlet | Found a large runed translucent door.
 19141 | Gauntlet | Found a large runed translucent door.
 19146 | Gauntlet | Found a large runed translucent door.
 19146 | Gauntlet | Found a large runed translucent door.
 19147 | Gauntlet | Found a large runed translucent door.
 19147 | Gauntlet | Found a large runed translucent door.
 19147 | Gauntlet | Found a large runed translucent door.
 19147 | Gauntlet | Found a large runed translucent door.
 19150 | Gauntlet | Found a runed translucent gate.
 19150 | Gauntlet | Found a runed translucent gate.
 19150 | Gauntlet | Found a runed translucent gate.
 19151 | Gauntlet | Noticed a balrug
 19152 | Gauntlet | Found a transporter.
 19165 | Gauntlet | Found a transporter.
 19252 | Gauntlet | Found a transporter.
 19268 | Gauntlet | Found a transporter.
 19282 | Gauntlet | Found a transporter.
 19295 | Gauntlet | Found a transporter.
 19307 | Gauntlet | Noticed a quicksilver ooze
 19387 | Gauntlet | Found a transporter.
 19387 | Gauntlet | Found a transporter.
 19401 | Gauntlet | Found a transporter.
 19413 | Gauntlet | Found a transporter.
 19414 | Gauntlet | Found a transporter.
 19423 | Gauntlet | Found a transporter.
 19512 | Gauntlet | Identified the ring of Naac Firch {MP+9 Int+6}
 19521 | Gauntlet | Reached skill level 14 in Unarmed Combat
 19577 | Gauntlet | Identified the ring "Opnicwach" {Fly rC+ Str+2}
 19583 | Gauntlet | Killed a quicksilver ooze
 19711 | Gauntlet | Noticed a minotaur
 19725 | Gauntlet | Killed a minotaur
 19734 | Gauntlet | Identified the +2 robe of Pawiuph {Harm}
 20037 | Lair:5   | Found a viscous altar of Jiyva.
 20038 | Lair:5   | Found a staircase to the Slime Pits.
 20685 | Lair:5   | Reached XP level 14. HP: 61/79 MP: 16/16
 21466 | Orc:1    | Entered Level 1 of the Orcish Mines
 21493 | Orc:1    | Found a dark tunnel.
 21679 | Volcano  | Entered a volcano
 21748 | Volcano  | Reached skill level 5 in Stealth
 21751 | Volcano  | Reached skill level 15 in Unarmed Combat
 22017 | Orc:2    | Entered Level 2 of the Orcish Mines
 22629 | Orc:2    | Found a runed translucent gate.
 22629 | Orc:2    | Found a runed translucent gate.
 22629 | Orc:2    | Found a runed translucent gate.
 22631 | Orc:2    | Found an opulent altar of Gozag.
 22634 | Orc:2    | Noticed sono's ghost (journeyman GrFi)
 22679 | Orc:2    | Found a staircase to the Elven Halls.
 22744 | Orc:2    | Found Mowihi's Antique Armour Shoppe.
 22762 | Orc:2    | Noticed an orc warlord
 22788 | Orc:2    | Killed an orc warlord
 22860 | Orc:2    | Found Iffeakh's Book Boutique.
 22862 | Orc:2    | Found Fapsaes's Assorted Antiques.
 22880 | Orc:2    | Bought a scroll of teleportation for 93 gold pieces
 22880 | Orc:2    | Bought a scroll of teleportation for 93 gold pieces
 22880 | Orc:2    | Bought a scroll of teleportation for 93 gold pieces
 22880 | Orc:2    | Bought a scroll of fear for 124 gold pieces
 22880 | Orc:2    | Bought a scroll labelled OMUNAQ ADDO for 31 gold pieces
 22905 | Orc:2    | Found Soerif's Armour Shop.
 22990 | Orc:2    | Found Jiuk's Assorted Antiques.
 22991 | Orc:2    | Found Pucw's Assorted Antiques.
 23033 | Orc:1    | Noticed Sonja
 23036 | Orc:1    | Paralysed by an orc sorcerer for 4 turns
 23038 | Orc:1    | Killed Sonja
 23080 | Orc:1    | Noticed Jorgrun
 23092 | Orc:1    | Killed Jorgrun
 23241 | Orc:1    | Noticed Maurice
 23251 | Orc:1    | Killed Maurice
 23400 | Lair:1   | Killed Harold
 23437 | Lair:1   | Fell from the grace of Ignis
 23437 | Lair:1   | Became a worshipper of the Wu Jian Council
 23592 | D:4      | Killed Pikel
 23805 | D:11     | Reached skill level 16 in Unarmed Combat
 25300 | D:12     | Noticed a frost giant
 25300 | D:12     | Noticed a sphinx
 25300 | D:12     | Noticed a frost giant
 25301 | D:12     | Found a runed translucent door.
 25303 | D:12     | Noticed a tengu reaver
 25303 | D:12     | Noticed a tengu reaver
 25572 | D:13     | Reached XP level 15. HP: 84/84 MP: 17/17
 26280 | D:13     | Found a gate to the Vaults.
 26347 | D:13     | Reached * piety under Wu Jian
 27082 | D:14     | Identified 4 scrolls of acquirement
 27083 | D:14     | Acquired the Vellum of Unstable Exhalation
 27085 | D:14     | Acquired a manual of Dodging
 27087 | D:14     | Acquired the ring "Ozae" {rPois rN++ Will+ rCorr Int-5}
 27089 | D:14     | Acquired a manual of Unarmed Combat
 27840 | D:14     | Reached skill level 17 in Unarmed Combat
 27907 | D:14     | Found a hide-covered altar of Uskayaw.
 28085 | D:15     | Entered Level 15 of the Dungeon
 28129 | D:15     | Found a staircase to the Depths.
 28152 | D:15     | Reached skill level 15 in Dodging
 28161 | D:15     | Reached ** piety under Wu Jian
 28331 | D:15     | Found a burning altar of Makhleb.
 28875 | D:15     | Was forgiven by Ignis
 29902 | D:15     | Reached skill level 18 in Unarmed Combat
 30164 | Spider:1 | Entered Level 1 of the Spider Nest
 30384 | Spider:1 | Identified the +0 cloak of the Hurricane {rPois rCorr Str-4
                  | Int+7}
 30429 | Spider:1 | Reached *** piety under Wu Jian
 31045 | Spider:1 | Noticed an emperor scorpion
 31050 | Spider:1 | Found a transporter.
 31054 | Spider:1 | Noticed an emperor scorpion
 31069 | Spider:1 | Found a transporter.
 31269 | Spider:2 | Reached XP level 16. HP: 91/91 MP: 18/18
 31590 | Spider:2 | Identified the +0 pair of boots "Sech" {Fly rPois Will+
                  | Str+4}
 31680 | Spider:2 | Reached skill level 19 in Unarmed Combat
 31868 | Spider:2 | Reached **** piety under Wu Jian
 31974 | Spider:2 | Noticed Mlioglotl
 32233 | Spider:2 | Killed Mlioglotl
 33499 | Spider:3 | Reached skill level 20 in Unarmed Combat
 33868 | Spider:4 | Entered Level 4 of the Spider Nest
 34615 | Spider:4 | Found a runed translucent door.
 34615 | Spider:4 | Found a shimmering altar of Xom.
 34615 | Spider:4 | Identified the +2 dire flail "Hellblazer" {chaos, *Rage
                  | rC+++ Str+5}
 34615 | Spider:4 | Noticed nitefall's ghost (adept MiBe)
 35448 | Spider:4 | Reached ***** piety under Wu Jian
 35555 | Spider:4 | Reached XP level 17. HP: 54/97 MP: 2/19
 36335 | Spider:4 | Identified the +0 pair of boots of the Spheres {rF+ MP+9}
 36357 | Spider:4 | Got a gossamer rune of Zot
 36573 | Swamp:1  | Entered Level 1 of the Swamp
 36638 | D:8      | Bought 2 potions of haste for 200 gold pieces
 36638 | D:8      | Bought a potion of cancellation for 80 gold pieces
 36994 | Swamp:1  | Noticed Nikola
 37021 | Swamp:1  | Killed Nikola
 38476 | Swamp:2  | Reached skill level 21 in Unarmed Combat
 38810 | Swamp:2  | Paralysed by a fenstrider witch for 5 turns
 39665 | Swamp:2  | Got Cigotuvi's Compilation of Metamorphic Bones
 39714 | Swamp:2  | Identified the +5 chain mail of Daisies {rPois rC+ Str+4}
 40132 | Swamp:3  | Reached skill level 15 in Shapeshifting
 40697 | Swamp:4  | Entered Level 4 of the Swamp
 40850 | Swamp:4  | Reached skill level 15 in Fighting
 40865 | Swamp:4  | Reached XP level 18. HP: 32/104 MP: 20/20
 42085 | Swamp:4  | Found a basalt altar of Yredelemnul.
 42121 | Swamp:4  | Found a blossoming altar of Fedhas.
 42353 | Swamp:4  | Got a decaying rune of Zot
 43050 | Swamp:4  | Acquired a manual of Translocations
 43054 | Swamp:4  | Learned a level 1 spell: Apportation
 43057 | Swamp:4  | Learned a level 2 spell: Lesser Beckoning
 43062 | Swamp:4  | Learned a level 4 spell: Vhi's Electric Charge
 43282 | Elf:1    | Entered Level 1 of the Elven Halls
 43352 | Elf:1    | Found a shimmering blue altar of Sif Muna.
 43394 | Elf:1    | Reached ****** piety under Wu Jian
 43482 | Elf:1    | Reached skill level 1 in Translocations
 43483 | Elf:1    | Noticed Norris
 43498 | Elf:1    | Killed Norris
 43562 | Elf:1    | Paralysed by an air elemental for 1 turns
 43588 | Elf:1    | Reached skill level 1 in Air Magic
 43824 | Elf:1    | Found Woghucer's Weapon Boutique.
 43845 | Elf:1    | Noticed Kirke
 43851 | Elf:1    | Killed Kirke
 43919 | Elf:1    | Killed the ghostly Kirke
 44023 | Elf:1    | Identified the +1 robe of Feasting {+Inv Str+2 Int+3}
 44139 | Elf:1    | Got the Handbook of Lightning and the Syncline
 44408 | Elf:1    | Found a shimmering blue altar of Sif Muna.
 44494 | Elf:2    | Reached skill level 5 in Translocations
 44591 | Elf:2    | Found Surghuoh's One-of-a-Kind Books.
 44609 | Elf:2    | Noticed Zenata
 44615 | Elf:2    | Killed Zenata
 44634 | Elf:2    | Bought Everyday Theurgy for 420 gold pieces
 44639 | Elf:2    | Learned a level 4 spell: Passage of Golubria
 44650 | Elf:2    | Paralysed by an air elemental for 1 turns
 44692 | Elf:2    | Noticed Louise
 44731 | Elf:2    | Killed Louise
 44732 | Elf:2    | Reached XP level 19. HP: 109/109 MP: 24/24
 44775 | Elf:2    | Found a runed translucent gate.
 44775 | Elf:2    | Found a runed translucent gate.
 44775 | Elf:2    | Found a runed translucent gate.
 44894 | Elf:2    | Found a runed translucent gate.
 44897 | Elf:2    | Found a runed translucent gate.
 44897 | Elf:2    | Found a runed translucent gate.
 44909 | Elf:2    | Noticed kalagan's ghost (adept DECj)
 44909 | Elf:2    | Noticed Naedelly's ghost (journeyman TrSh)
 44919 | Elf:2    | Noticed tykejmi's ghost (adept MiFi)
 44919 | Elf:2    | Noticed kalagan's ghost (adept DECj)
 44987 | Elf:2    | Learned a level 5 spell: Silence
 44988 | Elf:3    | Entered Level 3 of the Elven Halls
 45062 | Elf:3    | Reached skill level 1 in Hexes
 45395 | Elf:3    | Reached skill level 5 in Hexes
 45469 | Elf:3    | Reached skill level 10 in Translocations
 45489 | Elf:3    | Identified the amulet "Husmyiwn" {Faith Str+3}
 45620 | Elf:3    | Identified the +1 hand axe "Quregufi" {heavy, rN++ Will-
                  | Int+6}
 45629 | Elf:3    | Identified the +5 dagger of Upnevyrr {heavy, ^Drain rF+
                  | Str+4 Int+2}
 45671 | Elf:3    | Reached skill level 10 in Hexes
 45736 | Elf:3    | Identified the +2 flail of Pain and Death {antimagic, rElec
                  | rN+ Str+2 Stlth+}
 45757 | Elf:3    | Identified the +1 leather armour of the Bull {*Slow rElec
                  | Dex+3 Slay+2}
 45788 | Elf:3    | Identified the +8 storm dragon scales of Creativity {Fly
                  | rElec Int-4 Dex+5}
 45795 | Elf:3    | Identified the staff "Yxodd" {Str+2 Dex+2 Conj Tloc}
 45814 | Elf:3    | Got the Verses on Conjured Places
 45817 | Elf:3    | Got Sif Muna's Spellbook of Injury
 46289 | Vaults:1 | Entered Level 1 of the Vaults
 46289 | Vaults:1 | Found Jogish's Armour Boutique.
 46544 | Vaults:1 | Reached skill level 10 in Stealth
 46629 | Vaults:1 | Reached XP level 20. HP: 114/114 MP: 26/26
 46741 | Vaults:1 | Reached skill level 22 in Unarmed Combat
 46885 | Vaults:1 | Identified the +4 hand axe of Ycoale {flame, rPois}
 47350 | Vaults:2 | Learned a level 7 spell: Enfeeble
 47836 | Vaults:2 | Found Gullott's Weapon Emporium.
 48109 | Vaults:2 | Identified the serpent talisman "Ezuaxtig" {rN+ Str+2}
 49257 | Vaults:3 | Noticed a bone dragon
 49259 | Vaults:3 | Found a staircase to the Crypt.
 49259 | Vaults:3 | Killed a bone dragon
 49335 | Vaults:3 | Found Uruclimm's Antique Armour Boutique.
 49339 | Vaults:3 | Identified the ring "Uzybeest" {^Drain rC+ rN++ Str+5}
 49634 | Vaults:4 | Noticed Jory
 49645 | Vaults:4 | Killed Jory
 49646 | Vaults:4 | Reached XP level 21. HP: 111/121 MP: 28/28
 49805 | Vaults:4 | Identified the scarf "Mymn" {shadows, Rampage rCorr}
 49808 | Vaults:4 | Found a magical portal.
 49819 | WizLab   | Entered The Chambers of the Cloud Mage
 49827 | WizLab   | Paralysed by an air elemental for 1 turns
 50139 | WizLab   | Paralysed by an air elemental for 1 turns
 50278 | WizLab   | Got the Discursus on Fog
 50576 | Vaults:4 | Reached skill level 23 in Unarmed Combat
 50669 | Vaults:4 | Identified the +0 helmet of Beucuzegg {rC+ Int+3}
 50976 | Vaults:4 | Found Waybbiss's Armour Emporium.
 51056 | Vaults:4 | Reached skill level 15 in Hexes
 51313 | Crypt:1  | Entered Level 1 of the Crypt
 51530 | Crypt:1  | Found a transporter.
 51535 | Crypt:1  | Found a transporter.
 51550 | Crypt:1  | Found a transporter.
 51552 | Crypt:1  | Noticed an ancient lich
 51572 | Crypt:1  | Found a transporter.
 51591 | Crypt:1  | Found a transporter.
 52016 | Crypt:2  | Noticed Donald
 52019 | Crypt:2  | Killed Donald
 52670 | Crypt:3  | Entered Level 3 of the Crypt
 52809 | Crypt:3  | Reached XP level 22. HP: 126/126 MP: 29/29
 53201 | Crypt:3  | Identified the ring of Sissu {+Blink rN+}
 53201 | Crypt:3  | Identified the ring of Suscheem {rN+ Dex+3}
 53253 | Crypt:3  | Found a basalt altar of Yredelemnul.
 53253 | Crypt:3  | Noticed an ancient lich
 53263 | Crypt:3  | Killed an ancient lich
 53292 | Crypt:3  | Identified the staff of Jiompot {+Blink rN+ Dex-5 Stlth+
                  | Necro}
 53495 | Crypt:3  | Found a staircase to the Tomb.
 54109 | Slime:1  | Entered Level 1 of the Pits of Slime
 54481 | Slime:5  | Entered Level 5 of the Pits of Slime
 55029 | Slime:5  | Reached skill level 24 in Unarmed Combat
 55056 | Slime:5  | Noticed the Royal Jelly
 55070 | Slime:5  | Killed the Royal Jelly
 55174 | Slime:5  | Found the +3 salamander hide armour {Flames, rFlCloud rF++
                  | rC--}
 55190 | Slime:5  | Got the Compendium of the Retinue and the Damned
 55247 | Slime:5  | Got a slimy rune of Zot
 55261 | Slime:5  | Identified the +6 dagger of Pandemonium {drain, rElec rF+}
 55353 | Slime:5  | Identified the ring of Xipol {+Blink Will- Dex+6 Slay+2
                  | Stlth+}
 55360 | Slime:5  | Identified the +2 pair of boots of Fedhas's Castigation
                  | {Str+3 Int+4}
 55420 | Slime:5  | Identified the ring of Batuh {Wiz *Slow rC- rCorr Dex+7}
 55434 | Slime:5  | Identified the +7 lajatang "Vebodekh" {heavy, rCorr}
 55438 | Slime:5  | Identified the quicksilver dragon scales of Gallantry {Fly
                  | rN+ Will+ Int-3 SInv}
 55760 | Depths:1 | Entered Level 1 of the Depths
 55799 | Depths:1 | Reached XP level 23. HP: 123/133 MP: 30/30
 55969 | Depths:1 | Found a gateway to Hell.
 56072 | Depths:1 | Found a one-way gate to the infinite horrors of the Abyss.
 56072 | Depths:1 | Noticed Saint Roka
 56275 | Depths:2 | Found a bloodstained altar of Trog.
 56329 | Depths:1 | Killed Saint Roka
 56478 | Depths:1 | Found Ypsyug's Book Boutique.
 56563 | Depths:1 | Found an iron altar of Okawaru.
 57137 | Depths:2 | Found a one-way gate leading to the halls of Pandemonium.
 57577 | Depths:3 | Identified the +0 leather armour of Yvachiyru {rPois}
 57712 | Depths:3 | Noticed Margery
 57724 | Depths:3 | Killed Margery
 57803 | Depths:3 | Found a one-way gateway to a ziggurat.
 58417 | Depths:3 | Reached skill level 25 in Unarmed Combat
 58606 | Depths:3 | Reached skill level 15 in Stealth
 58710 | Depths:3 | Noticed a juggernaut
 58712 | Depths:3 | Noticed a juggernaut
 58803 | Depths:3 | Killed a juggernaut
 58804 | Depths:3 | Reached XP level 24. HP: 140/140 MP: 30/30
 58820 | Depths:3 | Killed a juggernaut
 58854 | Depths:3 | Identified the staff of Freehold {rElec Ice Air}
 59058 | Depths:4 | Entered Level 4 of the Depths
 59115 | Depths:4 | Found a shadowy altar of Dithmenos.
 59507 | Depths:4 | Found a gate to the Realm of Zot.
 60109 | Vaults:5 | Entered Level 5 of the Vaults
 60166 | Vaults:5 | Reached skill level 5 in Evocations
 60178 | Vaults:5 | Noticed an ancient lich
 60185 | Vaults:5 | Killed an ancient lich
 60727 | Vaults:5 | Reached XP level 25. HP: 145/145 MP: 30/30
 60765 | Vaults:5 | Got a silver rune of Zot
 60808 | Vaults:5 | Noticed a dread lich
 60813 | Vaults:5 | Killed a dread lich
 60814 | Vaults:5 | Reached skill level 26 in Unarmed Combat
 60820 | Vaults:5 | Identified the ring of Qecoesip {rPois AC+4 Int+4}
 61238 | Vaults:5 | Identified the +10 hand axe of Karma {holy, Str+4 SInv}
 61559 | Zig:1    | Entered Level 1 of a ziggurat
 61560 | Zig:1    | Noticed Noet the pandemonium lord
 61565 | Zig:1    | Killed Noet the pandemonium lord
 61574 | Zig:2    | Entered Level 2 of a ziggurat
 61598 | Zig:3    | Entered Level 3 of a ziggurat
 61631 | Zig:4    | Entered Level 4 of a ziggurat
 61646 | Zig:4    | Identified the staff of Jifoucse {*Corrode rElec Int+4 Conj
                  | Air}
 61654 | Zig:5    | Entered Level 5 of a ziggurat
 61659 | Zig:5    | Noticed a shard shrike
 61667 | Zig:5    | Killed a shard shrike
 61679 | Zig:5    | Identified the +2 plate armour of Henotheism {Rampage rC+
                  | MP+9 Str+2}
 61686 | Zig:6    | Entered Level 6 of a ziggurat
 61701 | Zig:6    | Identified the +7 dagger "Heikih" {flame, Str+3 Int-4
                  | Dex+5}
 61712 | Zig:7    | Entered Level 7 of a ziggurat
 61718 | Zig:7    | Noticed a Killer Klown
 61718 | Zig:7    | Noticed a Killer Klown
 61723 | Zig:7    | Noticed a Killer Klown
 61723 | Zig:7    | Noticed Etumm the pandemonium lord
 61726 | Zig:7    | Killed a Killer Klown
 61730 | Zig:7    | Killed Etumm the pandemonium lord
 61740 | Zig:7    | Killed a Killer Klown
 61741 | Zig:7    | Killed a Killer Klown
 61760 | Zig:7    | Identified the +9 plate armour of the Thirsty Nightmares
                  | {+Inv rF+ MP-9 Str+3 Dex+4}
 61913 | Zot:1    | Entered Level 1 of the Realm of Zot
 62478 | Zot:1    | Noticed Grunn
 62484 | Zot:1    | Killed Grunn
 63560 | Zot:1    | Reached XP level 26. HP: 152/152 MP: 30/30
 64074 | Zot:2    | Reached skill level 27 in Unarmed Combat
 64202 | Zot:2    | Identified the +8 falchion of Kismet {antimagic, Str+3
                  | Dex+2 Stlth+}
 66551 | Zot:4    | Identified the +5 great sword of Loucug {heavy, rElec rF+}
 66647 | Zot:5    | Entered Level 5 of the Realm of Zot
 67042 | Zot:5    | Noticed a dread lich
 67053 | Zot:5    | Killed a dread lich
 67058 | Zot:5    | Noticed an orb of fire
 67068 | Zot:5    | Killed an orb of fire
 67109 | Zot:5    | Reached XP level 27. HP: 160/160 MP: 30/30
 67364 | Zot:5    | Noticed an orb of fire
 67367 | Zot:5    | Gained mutation: You occasionally shout uncontrollably at
                  | your foes. [an orb of fire]
 67369 | Zot:5    | Killed an orb of fire
 67384 | Zot:5    | Noticed an ancient lich
 67385 | Zot:5    | Noticed an orb of fire
 67386 | Zot:5    | Gained mutation: You are occasionally teleported next to
                  | monsters. [an orb of fire]
 67393 | Zot:5    | Killed an orb of fire
 67395 | Zot:5    | Noticed an ancient lich
 67398 | Zot:5    | Killed an ancient lich
 67403 | Zot:5    | Noticed a dread lich
 67408 | Zot:5    | Killed a dread lich
 67415 | Zot:5    | Killed an ancient lich
 67580 | Zot:5    | Noticed a dread lich
 67593 | Zot:5    | Killed a dread lich
 67716 | Zot:5    | Lost mutation: You are occasionally teleported next to
                  | monsters. [potion of mutation]
 67716 | Zot:5    | Lost mutation: You occasionally shout uncontrollably at
                  | your foes. [potion of mutation]
 67716 | Zot:5    | Gained mutation: You occasionally lose the ability to read
                  | scrolls when taking damage. [potion of mutation]
 67716 | Zot:5    | Gained mutation: You expend magic power (3 MP) to
                  | strengthen your wands. [potion of mutation]
 67717 | Zot:5    | Lost mutation: You expend magic power (3 MP) to strengthen
                  | your wands. [potion of mutation]
 67717 | Zot:5    | Lost mutation: You occasionally lose the ability to read
                  | scrolls when taking damage. [potion of mutation]
 67717 | Zot:5    | Gained mutation: You have hidden genetic potential. [potion
                  | of mutation]
 67777 | Zot:5    | Got the Orb of Zot
 67873 | Zot:1    | Noticed Cebb the pandemonium lord
 68219 | D:$      | Escaped with the Orb!

Illustrated notes

Levels and vault maps discovered:
D:1:      dpeg_arrival_simpleton_c, layout_rooms, serial_bayou,
          serial_bayou_lagoon_a, serial_bayou_lake_a, serial_bayou_pond_b,
          serial_bayou_pond_a, serial_bayou_pond_c, serial_bayou_ford_a,
          nicolae_figureground_sparkle
D:2:      layout_basic, shapermc_ecumenical_altar_acropolis, serial_shops, shop,
          minmay_three_crescents, uniq_natasha, uniq_crazy_yiuf_cottage
D:3:      layout_basic, chequers_hall_statues_corner_a, uniq_grinder
D:4:      layout_loops_cross, mainiacjoe_overflow_brackets,
          mainiacjoe_overflow_alcove_2, uniq_eustachio, uniq_sigmund, uniq_pikel
D:5:      layout_cave_pools, nicolae_gozag_cash_rules_everything_around_me
D:6:      layout_basic, nicolae_qazlal_style_of_elements, uniq_prince_ribbit1
D:7:      layout_cave_pools, minmay_temple_entry_grid
D:8:      layout_rooms, mainiacjoe_overflow_surrounded_room, serial_shops, shop,
          nicolae_shop_advertising_works [nicolae_subvault_shop_adworks], shop,
          nicolae_lakefront_shop, nicolae_shop_tiny_real_fake_doors
D:9:      nicolae_cairo_tiling, layout_rooms, serial_glass, glass_columns_a,
          glass_columns_a, glass_columns_c, serial_shops,
          nicolae_shop_waterfront
D:10:     layout_gridville, kennysheep_little_box,
          ashenzari_conservatory_becter, david_lair_generic, david_orc_5,
          nicolae_houndstooth_variations
D:11:     layout_irregular_city
D:12:     minmay_gate_of_8, layout_basic, dreamdust_princess_corridor
D:13:     lemuel_flame_loot_2, layout_loops_corners,
          skrybe_vaults_entry_preservation
D:14:     layout_roguey, eat_drink_and_be_merry_uskayaw
D:15:     grunt_enter_depths_giant_problem, layout_loops_corners,
          nicolae_hexahallways, bloody_makhleb
Temple:   nicolae_temple_superstar
Lair:1:   layout_regular_city, hellmonk_ghost_happy_afterlife,
          nzn_masters_of_martial_movement, infiniplex_staircase_pool_2,
          uniq_harold
Lair:2:   layout_gridlike, alex1729_swamp_entry_worm_eleionoma,
          grunt_megastairs_1
Lair:3:   layout_layer_cave, spider_nest_entry_a, minivault_26, st_stairs_10
Lair:4:   layout_regular_city
Lair:5:   minmay_lair_end_enchanted_forest, layout_layer_cave,
          dpeg_slime_entry_corner, gauntlet_entry_generic
Swamp:1:  layout_basic_swamp, evilmike_swamp_ruin_house_5, uniq_nikola
Swamp:2:  regret_index_all_hallows'_manor, layout_basic_swamp,
          hangedman_swamp_pad, infiniplex_staircase_pool
Swamp:3:  layout_basic_swamp, evilmike_swamp_ruin_house_4
Swamp:4:  byrel_swamp_growth_death_and_undeath, layout_basic_swamp,
          swamp_pool_1_2
Spider:1: gammafunk_sealed_arena
Spider:2: layout_cave_pods, nicolae_spider_rock_and_or_roll, uniq_mlioglotl
Spider:3: layout_spider_delve, hangedman_spider_tarantella_strand
Spider:4: spider_rune_water, ebering_ghost_xom
Slime:1:  layout_caves
Slime:2:  layout_caves
Slime:3:  layout_caves
Slime:4:  layout_caves, cheibrodos_slime_lost_civilization_6
Slime:5:  slime_pit_nicolae_inversion
Orc:1:    layout_caves, special_room [special_room_bee],
          nicolae_volcano_entry_batcave, uniq_maurice, uniq_sonja, uniq_jorgrun
Orc:2:    hellmonk_orc_salted, layout_caves, ebering_ghost_gozag,
          nicolae_orc_flooded_monolith, nicolae_orc_sculptors_studio,
          guppyfry_orc_lava_fort
Elf:1:    nicolae_elf_arrival_no_cutting_in_line, layout_loops_cross,
          serial_shops, shop, nicolae_elf_crossing_hall,
          hangedman_feature_mirror, hangedman_elf_power_crystal,
          minmay_checkered_concentric_circles, uniq_kirke, uniq_norris
Elf:2:    nicolae_elf_blades_crystal_corner, layout_geoelf_diagonals,
          gammafunk_ghost_cemetery, nicolae_rare_books, uniq_zenata, uniq_louise
Elf:3:    minmay_elf_hall_circle, layout_geoelf_diagonals
Vaults:1: v_misc_4, ontoclasm_vaults_spin, ontoclasm_vaults_ring_large,
          nicolae_vaults_closet_pinwheel_1, vaults_dpeg_doors, v_misc_14,
          nicolae_vaults_closet_pinwheel_2, nicolae_vaults_rhombus_6,
          nicolae_vaults_closet_pinwheel_6, ontoclasm_vaults_chip,
          hangedman_vaults_impose, layout_vaults_omnicross, serial_shops, shop
Vaults:2: nicolae_vaults_diamond_2, vaults_mumra_chevron_long,
          ontoclasm_vaults_chip, nicolae_vaults_stepped_doors, v_misc_18,
          nicolae_vaults_network_barrier, ontoclasm_vaults_loading_screen,
          nicolae_vaults_heart-shaped_vault, layout_vaults_omnigrid,
          serial_shops, shop_statue
Vaults:3: minmay_crypt_entry_nasty_monster, nicolae_vaults_theta, v_misc_13,
          ontoclasm_vaults_ring_square, vaults_mumra_minichess_inversion,
          nicolae_vaults_trapezoid_lopsided_1, v_misc_1,
          nicolae_vaults_sightless_eye, vaults_mumra_hex,
          hangedman_vaults_corner_blocks, ontoclasm_vaults_decontamination,
          ontoclasm_vaults_gateway, nicolae_vaults_storage_closets_1,
          layout_vaults_big_room, serial_shops, nicolae_shop_hallway_plus
Vaults:4: infiniplex_enter_wizlab_water, regret_index_early_branch_jog,
          nicolae_vaults_shrinking_rooms_2, v_misc_10,
          nicolae_vaults_turnstiles, nicolae_vaults_double_plus_1,
          vaults_room_stairs_pillars, v_misc_27, vaults_mumra_chevron,
          hangedman_vaults_maws, nicolae_vaults_closet_pinwheel_1,
          layout_vaults_omnibox, uniq_jory
Vaults:5: serial_shops
Crypt:1:  gammafunk_the_bubble [the_bubble_gammafunk_roulette], layout_gridlike,
          nicolae_crypt_paired_memorials
Crypt:2:  layout_gridlike, uniq_donald
Crypt:3:  cryptofortress_bobbens
Depths:1: layout_cave_pools, nicolae_twisty_statue_hallways, serial_shops,
          nicolae_book_shop_shelving, pf_hell_entry_tar_river, abyss_entry,
          hellmonk_okawaru_the_only_friend_you_need, uniq_saint_roka
Depths:2: lemuel_troll_bridge, layout_basic, pf_vacation_house_of_asmodeus,
          rand_demon_pan_entry_1, basic_altar, grunt_ministairs_3,
          minmay_staircase_bubble
Depths:3: gammafunk_depths_water_palace, layout_gridlike, enter_ziggurat_d,
          minmay_misc_feat_chi, grunt_metal_band, abyss_entry
Depths:4: grunt_zot_entry_alcove, layout_cave_shapes, hellmouth_1,
          hangedman_decor_push, nicolae_dithmenos_through_a_glass_darkly
Zot:1:    hangedman_orp_of_zott, layout_misc_corridors,
          regret_index_zotdec_slimy_original, uniq_grunn
Zot:2:    layout_gridlike
Zot:3:    lemuel_halls_of_wrath, layout_cathedral_of_symmetry,
          grunt_megastairs_5
Zot:4:    layout_onion_interference
Zot:5:    layout_misc_corridors, st_stairs_8

Skill      XL: |  1  2  3  4  5  6  7  8  9 10 11 12 13 14 15 16 17 18 19 20 21 22 23 24 25 26 27 |
---------------+----------------------------------------------------------------------------------+-----
Stealth        | 1 2 3 4 6 9 10 12 13 15 16 18 20 21 | 21.1
Unarmed Combat | 4 5 6 7 9 10 12 13 14 16 18 20 21 22 23 24 25 26 27 | 27.0
Fire Magic     | 3 4 |  4.4
Evocations     | 2 3 6 |  6.6
Dodging        | 1 3 5 7 9 11 12 14 16 18 19 20 21 22 23 24 25 | 25.5
Fighting       | 4 5 6 8 9 11 12 13 14 15 16 17 18 19 20 21 22 | 22.8
Shapeshifting  | 4 10 11 12 13 15 17 18 19 20 21 22 23 | 23.3
Translocations | 6 11 | 11.1
Air Magic      | 1 4 |  4.4
Spellcasting   | 2 3 4 |  4.4
Hexes          | 11 13 15 17 | 17.7

Action                     |  1- 3 |  4- 6 |  7- 9 | 10-12 | 13-15 | 16-18 | 19-21 | 22-24 | 25-27 || total
---------------------------+-------+-------+-------+-------+-------+-------+-------+-------+-------++-------
  Melee: Unarmed           |    71 |    38 |   107 |   429 |  1218 |  1378 |  1299 |  1504 |  1025 ||  7069
         Punch             |     3 |     1 |     5 |    22 |       |    25 |   171 |   292 |   220 ||   739
         Bite              |     2 |     2 |     6 |    56 |       |    28 |   163 |   244 |   153 ||   654
         Constrict         |       |       |       |    24 |   224 |   193 |       |       |       ||   441
         Tailslap          |       |       |       |       |       |       |       |       |    64 ||    64
   Cast: Scorch            |     4 |     8 |   126 |   226 |    11 |       |       |       |       ||   375
         Vhi's Electric Ch |       |       |       |       |       |     1 |    14 |    21 |    20 ||    56
         Lesser Beckoning  |       |       |       |       |       |       |    31 |    28 |    52 ||   111
         Apportation       |       |       |       |       |       |       |     7 |     6 |     2 ||    15
         Cigotuvi's Dreadf |       |       |       |       |       |       |     5 |       |       ||     5
         Passage of Golubr |       |       |       |       |       |       |       |     6 |     3 ||     9
         Enfeeble          |       |       |       |       |       |       |       |     1 |     1 ||     2
         Silence           |       |       |       |       |       |       |       |     1 |       ||     1
 Invoke: Foxfire Swarm     |     1 |     1 |       |     2 |       |       |       |       |       ||     4
         Fiery Armour      |     1 |       |     2 |     3 |       |       |       |       |       ||     6
         Serpent's Lash    |       |       |       |       |       |    26 |     9 |    20 |    12 ||    67
         Heavenly Storm    |       |       |       |       |       |       |       |     2 |     1 ||     3
Ability: Lunge             |       |       |       |       |    51 |   151 |   125 |   149 |   100 ||   576
         Whirlwind         |       |       |       |       |    16 |   110 |   202 |   345 |   155 ||   828
         Wall Jump         |       |       |       |       |     2 |    22 |    31 |    14 |    10 ||    79
         Breathe Fire      |       |       |       |       |       |       |       |       |     2 ||     2
  Evoke: Wand              |       |     5 |     4 |    26 |    37 |    57 |     2 |     1 |     3 ||   135
    Use: Scroll            |       |     3 |     3 |    11 |    16 |    14 |     3 |    11 |    16 ||    77
         Potion            |       |       |     3 |     4 |    14 |     9 |     2 |    16 |    24 ||    72
   Stab: Sleeping          |     3 |     2 |     4 |     5 |    22 |    32 |    62 |    44 |    29 ||   203
         Paralysed         |       |       |       |     8 |     5 |     6 |       |       |       ||    19
         Distracted        |       |       |       |       |     2 |     9 |     7 |     4 |     3 ||    25
         Invisible         |       |       |       |       |       |     2 |       |     1 |     1 ||     4
         Confused          |       |       |       |       |       |       |     3 |       |       ||     3
 Armour: Skin              |    15 |    11 |    55 |   202 |   457 |   498 |   313 |   395 |   287 ||  2233
  Dodge: Dodged            |    34 |    15 |   113 |   380 |   729 |   866 |   973 |  1192 |   752 ||  5054
  Block: Other             |       |       |       |       |       |    62 |   154 |   178 |    97 ||   491
         Reflection        |       |       |       |       |       |     3 |     6 |     6 |     3 ||    18
   Form: Serpent           |       |       |       |     1 |       |       |       |       |       ||     1
         Statue            |       |       |       |       |       |     1 |       |       |     1 ||     2
         Dragon            |       |       |       |       |       |       |       |       |     2 ||     2
